 Dungeon Crawl Stone Soup version 0.29-a0-613-gf2c431b9b9 (webtiles) character file.

Game seed: 15613358996041613294

31 Ultimatedrag0 the Grave Robber (level 3, 0/30 HPs)
             Began as a Minotaur Wanderer on June 16, 2022.
             Slain by an iguana (5 damage)
             ... on level 2 of the Dungeon.
             The game lasted 00:06:40 (682 turns).

Ultimatedrag0 the Grave Robber (Minotaur Wanderer)   Turns: 682, Time: 00:06:41

Health: 0/30       AC:  7    Str: 15    XL:     3   Next: 7%
Magic:  3/3        EV: 10    Int: 13    God:
Gold:   60         SH:  0    Dex:  8    Spells: 4/4 levels left

rFire   . . .      SeeInvis .   e - +0 spear
rCold   . . .      Faith    .   (no shield)
rNeg    . . .      Spirit   .   c - +0 ring mail
rPois   +          Reflect  .   i - +1 hat
rElec   .          Harm     .   (no cloak)
rCorr   .          Rampage  .   (no gloves)
Will    .....                   f - +0 pair of boots
Stlth   ..........              (no amulet)
HPRegen 0.10/turn               g - ring of poison resistance
MPRegen 0.08/turn               (no ring)

@: no status effects
A: horns 2, retaliatory headbutt
a: no special abilities


You were on level 2 of the Dungeon.
You visited 1 branch of the dungeon, and saw 2 of its levels.

You collected 60 gold pieces.

Inventory:

Hand Weapons
 a - a +0 club
 e - a +0 spear (weapon)
Armour
 c - a +0 ring mail (worn)
 f - a +0 pair of boots (worn)
 i - a +1 hat (worn)
Jewellery
 g - a ring of poison resistance (left hand)
Scrolls
 d - a scroll of fear
 h - a scroll of enchant weapon {unknown}
Potions
 b - a potion of lignification


   Skills:
 + Level 2.6 Fighting
 + Level 0.2 Maces & Flails
 + Level 1.2 Armour
 + Level 0.1 Dodging
 + Level 1.1 Spellcasting
 + Level 2.7 Necromancy
 + Level 1.4 Ice Magic
 + Level 1.5 Evocations


You had 4 spell levels left.
You didn't know any spells.
Your spell library contained the following spells:

 Spells                   Type           Power      Damage    Failure   Level
 Necrotize                Necr           28%        1d5       19%         1
 Sublimation of Blood     Necr           7%         N/A       26%         2
 Freeze                   Ice            16%        1d4       30%         1
 Ozocubu's Armour         Ice            4%         N/A       65%         3
 Corpse Rot               Necr/Pois/Air  3%         N/A       98%         4


Dungeon Overview and Level Annotations

Branches:
Dungeon (2/15)

Altars:


Innate Abilities, Weirdness & Mutations

You have a pair of horns on your head.
You reflexively headbutt those who attack you in melee.


Message History

You barely miss the hobgoblin.
You headbutt the hobgoblin, but do no damage.
The hobgoblin barely misses you.
You hit the hobgoblin. Your headbutt misses the hobgoblin.
The hobgoblin is almost dead.
The hobgoblin hits you but does no damage.
You hit the hobgoblin.
You kill the hobgoblin!
You have reached level 3!
Your experience leads to an increase in your attributes!
Increase (S)trength, (I)ntelligence, or (D)exterity?
You feel stronger. x2
You don't know any spells.
You closely miss the kobold. Your headbutt misses the kobold.
The kobold hits you with a +3 short sword of speed.
You hit the kobold.
You kill the kobold!
You hit the endoplasm.
The endoplasm is lightly wounded.
The endoplasm closely misses you. You furiously retaliate!
You headbutt the endoplasm!
You kill the endoplasm!
You hit the iguana.
The iguana is moderately wounded.
The iguana bites you!
* * * LOW HITPOINT WARNING * * *
You barely miss the iguana.
The iguana is moderately wounded.
The iguana closely misses you.
You hit the iguana but do no damage. You headbutt the iguana.
The iguana is severely wounded.
The iguana closely misses you. x2
You hit the iguana but do no damage. You headbutt the iguana.
The iguana is severely wounded.
The iguana bites you.
* * * LOW HITPOINT WARNING * * *
You barely miss the iguana.
The iguana is severely wounded.
The iguana bites you.
You die...

##. .. ##.. ... #..# ##.#
##..# ...# # #...#....# #
#...#....# # ##...l...=# #
#...@# # + #. #....# .###
##...#....####.. ....
................ ######.
########.###########...##.
..................'......
....####.###.#.####...###
.. #..............†..
#####.#..###...##.


You could see an iguana.

Vanquished Creatures
  An adder (D:2)
  A dart slug (D:1)
  3 endoplasms
  A giant cockroach (D:1)
  3 hobgoblins
  A quokka (D:1)
  3 ball pythons
  3 bats
  2 frilled lizards (D:1)
  A goblin (D:1)
  A kobold (D:2)
20 creatures vanquished.

Notes
Turn   | Place    | Note
-------+----------+-------------------------------------------
     0 | D:1      | Ultimatedrag0 the Minotaur Wanderer began the quest for the
                  | Orb.
     0 | D:1      | Ultimatedrag0 set off with the following items: a +0 club,
                  | a potion of lignification, a +0 ring mail; and the
                  | following spells available to memorise: Necrotize, Freeze,
                  | Sublimation of Blood, Ozocubu's Armour, Corpse Rot.
     0 | D:1      | Reached XP level 1. HP: 18/18 MP: 1/1
   208 | D:1      | Reached XP level 2. HP: 19/25 MP: 2/2
   675 | D:2      | Reached XP level 3. HP: 19/30 MP: 3/3
   682 | D:2      | Slain by an iguana

Illustrated notes

Levels and vault maps discovered:
D:1:      minmay_arrival_open_corners, layout_basic
D:2:      minmay_recursive_quarters, layout_basic, basic_ecumenical_altar,
          eino_curves_01, uniq_jessica, uniq_sigmund

Action                   || total
-------------------------++-------
Melee: Club              ||    14
       Spear             ||    40
       Headbutt          ||    12
  Use: Scroll            ||     1
Armor: Ring mail         ||    25
Dodge: Dodged            ||    31

Table legend: (Time is in decaauts)
 A = Elapsed time spent in this place.
 B = Non-inter-level travel time spent in this place.
 C = Inter-level travel time spent in this place.
 D = Time resting spent in this place.
 E = Time spent auto-exploring this place.
 F = Levels seen in this place.
 G = Mean time per level.
                   A        B        C        D        E       F      G
               +--------+--------+--------+--------+--------+-----+--------+
         Total |    688 |    141 |    547 |      0 |      0 |   2 |  344.0 |
       Dungeon |    688 |    141 |    547 |      0 |      0 |   2 |  344.0 |
               +--------+--------+--------+--------+--------+-----+--------+

Top non-repeatable levels by time:
     D:1: 620 daAuts
     D:2: 68 daAuts
